 Dungeon Crawl Stone Soup version 0.29.0-7-g18a832c13a (webtiles) character file.

Game seed: 1441146052110535036

92 voltaire321 the Insei (level 4, -3/33 HPs)
             Began as a Merfolk Transmuter on Aug 31, 2022.
             Was a Follower of Wu Jian.
             Slain by Grinder (6 damage)
             ... on level 3 of the Dungeon.
             The game lasted 00:07:21 (2690 turns).

voltaire321 the Insei (Merfolk Transmuter)          Turns: 2690, Time: 00:07:22

Health: -3/33      AC:  6    Str: 10    XL:     4   Next: 60%
Magic:  7/7        EV: 13    Int: 12    God:    Wu Jian [*.....]
Gold:   91         SH:  4    Dex: 16    Spells: 5/8 levels left

rFire   . . .      SeeInvis .     - Unarmed
rCold   . . .      Faith    .   p - +0 buckler
rNeg    . . .      Spirit   .   a - +0 robe
rPois   .          Reflect  .   (helmet currently unavailable)
rElec   .          Harm     .   (no cloak)
rCorr   .          Rampage  .   (no gloves)
Will    .....                   (boots currently unavailable)
Stlth   +.........              (no amulet)
HPRegen 0.11/turn               m - +4 ring of protection
MPRegen 0.10/turn               (no ring)

@: appendages
A: horns 2, (nimble swimmer 2), mertail
a: End Transformation, Renounce Religion


You were on level 3 of the Dungeon.
You worshipped Wu Jian.
Wu Jian was aware of your devotion.
You had temporarily grown beastly horns.
You visited 1 branch of the dungeon, and saw 3 of its levels.

You collected 91 gold pieces.

Inventory:

Hand Weapons
 f - a +0 dagger
Armour
 a - a +0 robe (worn)
 g - a +0 pair of boots (melded)
 p - a +0 buckler (worn)
 r - a +0 helmet (melded)
Jewellery
 m - a +4 ring of protection (left hand)
Scrolls
 c - 2 scrolls of brand weapon {unknown}
 i - 2 scrolls of immolation {unknown}
 j - a scroll of fear {unknown}
 n - a scroll of fog {unknown}
 t - a scroll of acquirement {unknown}
 v - a scroll of amnesia {unknown}
Potions
 b - a potion of lignification
 d - a potion of resistance {unknown}
 e - a potion of invisibility {unknown}
 h - a potion of berserk rage {unknown}
 k - a potion of magic {unknown}
 l - 2 potions of mutation {unknown}
 o - a potion of curing {unknown}
 q - a potion of degeneration {unknown}
 s - a potion of haste {unknown}
 u - a potion of brilliance {unknown}


   Skills:
 + Level 2.0 Fighting
 + Level 3.5 Dodging
 + Level 0.9 Shields
 + Level 3.8 Unarmed Combat
 + Level 2.6 Spellcasting
 + Level 3.6 Transmutations


You had 5 spell levels left.
You knew the following spells:

 Your Spells              Type           Power      Damage    Failure   Level
a - Beastly Appendage     Tmut           20%        N/A       8%          1
b - Wereblood             Tmut           10%        N/A       12%         2

Your spell library contained the following spells:

 Spells                   Type           Power      Damage    Failure   Level
 Spider Form              Tmut/Pois      5%         N/A       45%         3
 Blink                    Tloc           2%         N/A       47%         2
 Ice Form                 Ice/Tmut       5%         N/A       86%         4
 Manifold Assault         Tloc           1%         N/A       100%        5
 Storm Form               Tmut/Air       2%         N/A       100%        7


Dungeon Overview and Level Annotations

Branches:
Dungeon (3/15)

Altars:
Wu Jian

Annotations:
D:3 Grinder


Innate Abilities, Weirdness & Mutations

You have temporarily grown beastly horns.
((You are very nimble when in or above water. (Stealth+, EV+, Speed+++)))
Your lower body shifts to a powerful aquatic tail in water.


Message History

You suddenly lose the ability to move!
A gnoll comes into view. It is wielding a +0 spear.
The gnoll shouts!
You hear an angry hiss.
An adder comes into view.
Grinder says, "Tell me all your secrets, or I'll kill you."
Grinder blinks!
You can move again.
Grinder blinks!
Casting: Beastly Appendage (safe; 8% risk of failure)
Confirm with . or Enter, or press ? or * to list all spells.
You grow a pair of large bovine horns.
Your +0 helmet melds into your body.
Your +0 pair of boots melds into your body.
Grinder closely misses you. The gnoll attacks as you move away!
The gnoll hits you with a +0 club.
You hit Grinder.
Grinder is lightly wounded.
You hit Grinder but do no damage.
Grinder is lightly wounded.
Grinder hits you!
You writhe in agony.
You hit Grinder but do no damage.
Grinder is lightly wounded.
Grinder gestures at you. Pain shoots through your body!
You hit Grinder. You headbutt Grinder.
Grinder is lightly wounded.
Grinder hits you.
You writhe in agony.
You barely miss Grinder.
Grinder is lightly wounded.
You block Grinder's attack.
You barely miss Grinder.
Grinder is lightly wounded.
Grinder blinks!
You hit Grinder but do no damage.
Grinder is lightly wounded.
The gnoll hits you with a +0 club.
* * * LOW HITPOINT WARNING * * *
Grinder hits you.
* * * LOW HITPOINT WARNING * * *
You writhe in agony.
You die...

........# #...#.# ..##....#
#####.# ..##....# #.#
........## ##.....## #.#
#....#...###8.....8 ##.##
..........###.....# #...#
.......gggS##8[..8#####...#
..###....#g# ##>## #......#
######@# #######......#
#5###......###...#
#.........)###.###
#####......'...#
#......##### #......#...#
#......#...# ###.#'##...###
#...........


You could see Grinder, 2 gnolls and an adder.

Vanquished Creatures
  Jessica (D:3)
  An adder (D:2)
  4 worms
  2 dart slugs
  5 endoplasms
  2 giant cockroaches
  5 goblins
  4 hobgoblins
  3 jackals (D:1)
  3 quokkas
  2 ball pythons
  5 frilled lizards
  2 kobolds (D:1)
  2 rats (D:1)
41 creatures vanquished.

Notes
Turn   | Place    | Note
-------+----------+-------------------------------------------
     0 | D:1      | voltaire321 the Merfolk Transmuter began the quest for the
                  | Orb.
     0 | D:1      | Reached XP level 1. HP: 15/15 MP: 3/3
   326 | D:1      | Reached XP level 2. HP: 19/21 MP: 3/5
  1105 | D:1      | Reached XP level 3. HP: 27/27 MP: 4/6
  1299 | D:2      | Found an ornate altar of the Wu Jian Council.
  1324 | D:2      | Became a worshipper of the Wu Jian Council
  1545 | D:2      | Learned a level 2 spell: Wereblood
  1708 | D:2      | Found a faded altar of an unknown god.
  2363 | D:3      | Noticed Jessica
  2370 | D:3      | Killed Jessica
  2371 | D:3      | Reached XP level 4. HP: 31/33 MP: 5/7
  2620 | D:3      | Reached * piety under Wu Jian
  2674 | D:3      | Noticed Grinder
  2674 | D:3      | Paralysed by Grinder for 3 turns
  2690 | D:3      | Slain by Grinder

Illustrated notes

Levels and vault maps discovered:
D:1:      dpeg_arrival_simpleton_a, layout_basic
D:2:      layout_loops_ring, chequers_ecumenical_altar_grove, basic_altar,
          nicolae_underground_beach
D:3:      layout_basic, nicolae_overflow_hidden_temple, chequers_mini_garden,
          skrybe_limestone_x, uniq_jessica, uniq_grinder

Skill      XL: |  1  2  3 |
---------------+----------+-----
Dodging        | 3 |  3.5
Transmutations | 3 |  3.6
Fighting       | 2 |  2.0
Shields        | |  0.9
Unarmed Combat | |  3.8
Spellcasting   | |  2.6

Action                   |  1- 3 |  4- 6 || total
-------------------------+-------+-------++-------
Melee: Unarmed           |   110 |    24 ||   134
       Headbutt          |    16 |     4 ||    20
       Punch             |     2 |       ||     2
 Cast: Beastly Appendage |    30 |     4 ||    34
Invok: Lunge             |     4 |     1 ||     5
 Stab: Sleeping          |     1 |       ||     1
Armor: Robe              |    12 |     3 ||    15
Dodge: Dodged            |    52 |     6 ||    58
Block: Buckler           |     4 |     3 ||     7
